 Dungeon Crawl Stone Soup version 0.30-a0-568-g124715a40b (webtiles) character file.

Game seed: 10819545957473920576

37 Twinkles the Ruffian (level 3, -2/35 HPs)
             Began as a Troll Gladiator on Dec 29, 2022.
             Slain by a white imp (3 damage)
             ... summoned by Natasha
             ... on level 2 of the Dungeon.
             The game lasted 00:02:49 (1188 turns).

Twinkles the Ruffian (Troll Gladiator)              Turns: 1188, Time: 00:02:49

Health: -2/35      AC:  5    Str: 24    XL:     3   Next: 23%
Magic:  2/2        EV: 10    Int:  4    God:
Gold:   69         SH:  0    Dex: 11    Spells: 2/2 levels left

rFire   . . .      SeeInvis .      - Unarmed
rCold   . . .      Faith    .    (no shield)
rNeg    . . .      Spirit   .    a - +0 robe
rPois   .          Reflect  .    b - +0 hat
rElec   .          Harm     .    k - +0 cloak
rCorr   .          Rampage  .    (gloves unavailable)
Will    .....                    (boots unavailable)
Stlth   +                        (no amulet)
HPRegen 1.05/turn                (no ring)
MPRegen 0.08/turn                (no ring)

@: slowed, very slow
A: large, unfitting armour, claws 3, regeneration 1, shaggy fur 1, tough skin 1
a: no special abilities


You were on level 2 of the Dungeon.
You visited 1 branch of the dungeon, and saw 2 of its levels.

You collected 69 gold pieces.

Inventory:

Missiles
 c - 4 throwing nets (quivered)
 d - a large rock
 f - 6 poisoned darts
 g - 5 boomerangs
Armour
 a - a +0 robe (worn)
 b - a +0 hat (worn)
 k - a +0 cloak (worn)
Magical Staves
 l - a staff of earth
Scrolls
 e - a scroll of immolation {unknown}
 h - 2 scrolls of identify {unknown}
 i - a scroll of teleportation {unknown}
 m - a scroll of enchant weapon {unknown}
 o - a scroll of vulnerability {unknown}
 r - 3 scrolls of fog {unknown}
 s - a scroll of poison {unknown}
Potions
 j - a potion of degeneration {unknown}
 n - 2 potions of mutation {unknown}
 p - a potion of heal wounds {unknown}
 B - a potion of brilliance


   Skills:
 + Level 2.0 Fighting
 + Level 2.2 Throwing
 + Level 2.7 Dodging
 * Level 3.4 Unarmed Combat


You had 2 spell levels left.
You didn't know any spells.
Your spell library was empty.

Dungeon Overview and Level Annotations

Branches:
Dungeon (2/15) Zot: 10815

Altars:

Shops:
D:1 =

Annotations:
D:2 Natasha


Innate Abilities, Weirdness & Mutations

You are too large for most types of armour.
You have claws for hands.
Your natural rate of healing is unusually fast.
You are covered in fur. (AC +1)
You have tough skin. (AC +1)


Message History

You closely miss Natasha. Natasha claws you.
You scratch Natasha.
Natasha is lightly wounded.
Natasha claws you but does no damage.
You scratch Natasha.
Natasha is lightly wounded.
Natasha closely misses you. The iron imp hits you.
You claw Natasha!
Natasha is severely wounded.
Natasha claws you.
You closely miss Natasha.
Natasha is severely wounded.
The iron imp hits you. Natasha claws you.
You barely miss Natasha. Your claw misses Natasha.
Natasha is severely wounded.
The iron imp closely misses you.
Natasha casts a spell.
You scratch Natasha but do no damage.
Natasha is severely wounded.
The iron imp hits you but does no damage.
You completely miss Natasha.
Natasha is severely wounded.
The white imp gestures at you. The puff of frost hits you!
Natasha stares at you and mumbles some strange words.
You feel yourself slow down.
You barely miss Natasha.
Natasha is severely wounded.
The white imp closely misses you. Natasha casts a spell at you.
You feel as though you will be slow longer.
The iron imp hits you.
* * * LOW HITPOINT WARNING * * *
Natasha stares at you and mumbles some strange words.
The magic dart hits you.
* * * LOW HITPOINT WARNING * * *
The white imp hits you.
* * * LOW HITPOINT WARNING * * *
The white imp freezes you.
You die...

#<.....# #####.....
#.#..#.######.........
#.##.#.##.......#.#...
..##......##.####.....
.......#.####.# .....#.
..#####.#.####.# .....#.
..# #...##...#>......# .#.
####.#..#######....
##h@5[..## ##### #.5##.###
###.###รท###
..r...........####
........####.....#########
.......## #.#............
......# #.####.########
...... #.# #..### ......
#.# ##...###


You could see an iron imp (summoned), Natasha (empowered) and a white imp
(summoned).

Vanquished Creatures
  A worm (D:2)
  5 bats
  A giant cockroach (D:1)
  6 goblins
  3 hobgoblins
  4 jackals (D:1)
  A quokka (D:1)
  4 ball pythons
  4 frilled lizards
  2 kobolds
  A rat (D:1)
32 creatures vanquished.

Notes
Turn   | Place    | Note
-------+----------+-------------------------------------------
     0 | D:1      | Twinkles the Troll Gladiator began the quest for the Orb.
     0 | D:1      | Reached XP level 1. HP: 19/19 MP: 0/0
     3 | D:1      | Noticed an electric eel
     4 | D:1      | Noticed an electric eel
   173 | D:1      | Found a faded altar of an unknown god.
   186 | D:1      | Found Resoll's Jewellery Emporium.
   226 | D:1      | Reached XP level 2. HP: 27/28 MP: 1/1
   987 | D:2      | Reached XP level 3. HP: 32/35 MP: 2/2
  1166 | D:2      | Noticed Natasha
  1188 | D:2      | HP: 9/35 [iron imp[Natasha] (3)]
  1188 | D:2      | HP: 3/35 [Natasha/magic dart (6)]
  1188 | D:2      | HP: 1/35 [white imp[Natasha] (2)]
  1188 | D:2      | Slain by a white imp

Illustrated notes

Levels and vault maps discovered:
D:1:      arrival_aquarium_b, layout_loops_corners,
          hellmonk_ecumenical_altar_run_dry, serial_shops,
          nicolae_shop_advertising_works [nicolae_subvault_shop_adworks]
D:2:      layout_rooms, minmay_heptomino_w4, uniq_natasha

Skill      XL: |  1  2  3 |
---------------+----------+-----
Throwing       | 2 |  2.2
Fighting       | 2 |  2.0
Dodging        | |  2.7
Unarmed Combat | |  3.4

Action                   || total
-------------------------++-------
Melee: Unarmed           ||    95
       Punch             ||     1
 Stab: Sleeping          ||     1
Armor: Robe              ||    35
Dodge: Dodged            ||    50

Table legend: (Time is in decaauts)
 A = Elapsed time spent in this place.
 B = Non-inter-level travel time spent in this place.
 C = Inter-level travel time spent in this place.
 D = Time resting spent in this place.
 E = Time spent auto-exploring this place.
 F = Levels seen in this place.
 G = Mean time per level.
                   A        B        C        D        E       F      G
               +--------+--------+--------+--------+--------+-----+--------+
         Total |   1182 |   1143 |     39 |      0 |    913 |   2 |  591.0 |
       Dungeon |   1182 |   1143 |     39 |      0 |    913 |   2 |  591.0 |
               +--------+--------+--------+--------+--------+-----+--------+

Top non-repeatable levels by time:
     D:1: 889 daAuts
     D:2: 293 daAuts
